 Dungeon Crawl Stone Soup version 0.30.0-29-ga12c61a403 (webtiles) character file.

Game seed: 6555496915753922817

36 ChrisAssaf the Sneak (level 3, 0/26 HPs)
             Began as a Djinni Enchanter on June 13, 2023.
             Slain by Ijyb
             ... wielding a +0 club
              (5 damage)
             ... on level 3 of the Dungeon.
             The game lasted 00:04:58 (1077 turns).

ChrisAssaf the Sneak (Djinni Enchanter)             Turns: 1077, Time: 00:04:58

Health: 0/26       AC:  2    Str:  9    XL:     3   Next: 57%
Gold:   77         EV: 12    Int: 16    God:
                   SH:  0    Dex: 13

rFire   + + .        a - +3 dagger
rCold   x . .        (no shield)
rNeg    . . .        b - +0 robe
rPois   ∞            (no helmet)
rElec   .            (no cloak)
rCorr   .            (no gloves)
SInv    .            (boots unavailable)
Will    .....        (no amulet)
Stlth   ++           (no ring)
HPRegen 0.24/turn    (no ring)
MPRegen 0.00/turn

%: infuse magic (-1 HP)
@: flying
A: sickness immunity, fire resistance 2, cold vulnerability 1, float, innate
caster, HP casting, extra vitality 1
a: no special abilities


You were on level 3 of the Dungeon.
You visited 1 branch of the dungeon, and saw 3 of its levels.

You collected 77 gold pieces.

Inventory:

Hand Weapons
 a - a +3 dagger (weapon)
Missiles
 m - 2 curare-tipped darts
Armour
 b - a +0 robe (worn)
Wands
 l - a wand of quicksilver (6)
Scrolls
 d - a scroll of fear {unknown}
 e - a scroll of identify {unknown}
 f - a scroll of enchant armour {unknown}
Potions
 c - 2 potions of invisibility
 g - a potion of haste {unknown}
 h - a potion of attraction {unknown}
 i - a potion of mutation {unknown}
 j - a potion of lignification {unknown}
 k - a potion of curing {unknown}
 n - a potion of flight {unknown}


   Skills:
 * Level 0.4 Fighting
 * Level 1.1 Short Blades
 * Level 0.6 Armour
 * Level 2.3 Dodging
 * Level 2.9 Stealth
 * Level 2.7 Spellcasting


You knew the following spells:

 Your Spells              Type           Power      Damage    Failure   Level
a - Ensorcelled Hibernat  Hex/Ice        22%        N/A       10%         2
b - Confusing Touch       Hex            11%        N/A       19%         3
c - Tukima's Dance        Hex            11%        N/A       19%         3
d - Dazzling Flash        Conj/Hex       22%        N/A       19%         3
e - Beastly Appendage     Tmut           22%        N/A       6%          1
Your spell library was empty.

Dungeon Overview and Level Annotations

Branches:
Dungeon (3/15)

Altars:
Fedhas
Qazlal

Annotations:
D:3 Ijyb


Innate Abilities, Weirdness & Mutations

You are immune to sickness and miasma.
You are immune to poison.
Your flesh is very heat resistant. (rF++)
You are vulnerable to cold. (rC-)
You float through the air rather than walking.
You learn spells naturally, not from books.
Your magical power is your life essence.
You have superior vitality. (+4 MHP)


Message History

You now have 66 gold pieces (gained 13).
There are no items here.
Found an emerald potion.
There is a shaft here.
There is a shaft here.
There is a shaft here.
The rat falls through a shaft!
The shaft crumbles and collapses.
There is a shaft here.
n - an emerald potion
There is a stormy altar of Qazlal here.
There is a shaft here.
You now have 77 gold pieces (gained 11).
Found a leather armour.
Found a ring mail and 13 gold pieces.
An adder comes into view.
Ijyb the Twisted Goblin comes into view.
She is wielding a +0 club and carrying a wand of quicksilver (6).
Found a long sword.
Found a stone staircase leading down.
A hobgoblin comes into view.
Ijyb shouts!
Casting: Ensorcelled Hibernation (safe; 10% risk of failure)
Confirm with . or Enter, or press ? or * to list all spells.
The spell is quite dangerous to miscast (19% risk of failure)!
Continue anyway?
Your hands begin to glow red.
The adder hisses angrily.
You completely miss Ijyb. The adder bites you but does no damage.
Ijyb barely misses you.
You hit Ijyb but do no damage. The adder bites you but does no damage.
Ijyb zaps a wand.
The bolt of dispelling energy hits you!!
Your magical effects are unravelling.
Ouch! That really hurt!
* * * LOW HITPOINT WARNING * * *
Aiming: Quicksilver Bolt
Press: ? - help, Shift-Dir - straight line, f - Ijyb
Aim: Ijyb, wielding a +0 club, wearing a +0 ring mail and carrying a wand of quicksilver (5) (chance to confuse on hit: 53%, 68% to hit)
The bolt of dispelling energy hits Ijyb!
Ijyb is severely wounded.
Your hands stop glowing.
The adder bites you but does no damage. Ijyb hits you with a +0 club.
You die...

...... . ..... > ..
. ....#.#...
..#####.#.#.#.#
.)............#
.##....g..#.#.#
......gS[...$.# #
#@..#.#.##
#...##.###.........
#.............##.##
.........[........
##...##.###.#.......
...............#.##
#...##.###.##..# #
#...##.# #.# ..#
#..###.###.##..#


You could see Ijyb, an adder and a hobgoblin.

Vanquished Creatures
  An adder (D:2)
  5 bats
  3 endoplasms
  A giant cockroach (D:2)
  A goblin (D:2)
  4 hobgoblins (D:2)
  2 quokkas (D:2)
  2 ball pythons
  A frilled lizard (D:1)
  2 kobolds
  2 rats (D:2)
24 creatures vanquished.

Vanquished Creatures (collateral kills)
  A bat (D:2)
1 creature vanquished.

Grand Total: 25 creatures vanquished

Notes
Turn   | Place    | Note
-------+----------+-------------------------------------------
     0 | D:1      | ChrisAssaf the Djinni Enchanter began the quest for the
                  | Orb.
     0 | D:1      | ChrisAssaf set off with the following spells memorised:
                  | Ensorcelled Hibernation, Confusing Touch, Tukima's Dance,
                  | Dazzling Flash.
     0 | D:1      | Reached XP level 1. HP: 15/15 MP: 0/0
   146 | D:1      | Reached skill level 1 in Short Blades
   455 | D:1      | Reached XP level 2. HP: 15/21 MP: 0/0
   737 | D:2      | Reached XP level 3. HP: 25/25 MP: 0/0
   737 | D:2      | Learned a level 1 spell: Beastly Appendage
   828 | D:3      | Noticed a wight
   828 | D:3      | Noticed a wight
   828 | D:3      | Noticed a wight
   921 | D:3      | Found a blossoming altar of Fedhas.
   923 | D:3      | Found a stormy altar of Qazlal.
  1072 | D:3      | Noticed Ijyb
  1077 | D:3      | Slain by Ijyb

Illustrated notes

Levels and vault maps discovered:
D:1:      minmay_arrival_jagged, layout_basic
D:2:      layout_basic, minmay_three_crescents
D:3:      layout_basic, grunt_temple_overflow_forces_of_nature,
          lemuel_round_altar, uniq_terence, uniq_ijyb

Skill      XL: |  1 |
---------------+----+-----
Short Blades   | 1 |  1.1
Fighting       | |  0.4
Armour         | |  0.6
Dodging        | |  2.3
Stealth        | |  2.9
Spellcasting   | |  2.7

Action                     || total
---------------------------++-------
  Melee: Dagger            ||    50
         Punch             ||     1
   Cast: Ensorcelled Hiber ||    14
         Tukima's Dance    ||     1
         Confusing Touch   ||     1
  Evoke: Wand              ||     3
    Use: Scroll            ||     2
   Stab: Sleeping          ||    11
 Armour: Robe              ||    19
  Dodge: Dodged            ||    39
